Map: Echo LE (Void)

Players

Vox - Winner!

  • Race: Terran Terran
  • League: Gold
  • Spawn Location: 11:00

Fropez

  • Race: Protoss Protoss
  • League: Gold
  • Spawn Location: 5:00

VOD

Have the link to the VOD?

Description

Time

  • Played on: Dec. 8, 2016, 2:13 p.m.
  • Length: 9:48
Show
View Real Time Build Order
Export as new Build Order

Vox Terran - Winner!

Build Orders: Reaper Expand, MMM Bio 

Get SALT Encoding   

  12  0:01  SCV  
  13  0:13  SCV  
  14  0:17  Supply Depot  
  14  0:25  SCV  
  15  0:39  SCV  
  15  0:40  Barracks  
  16  0:44  Refinery  
  16  0:51  SCV  
  17  1:03  SCV  
  18  1:15  SCV  
  19  1:28  Reaper  
  19  1:29  Orbital Command  
  20  1:46  Command Center  
  20  2:07  Barracks Reactor  
  20  2:08  SCV  
  20  2:09  Supply Depot  
  20  2:14  Barracks  
  21  2:20  SCV  
  22  2:35  Refinery, Barracks  
  22  2:48  Marine x2  
  24  2:58  Factory  
  24  3:01  Barracks Tech Lab  
  24  3:07  Orbital Command  
  24  3:08  Marine x2  
  26  3:21  Engineering Bay  
  26  3:23  Stimpack, Marine  
  26  3:26  Marine  
  28  3:31  SCV  
  28  3:33  SCV  
  30  3:42  Starport  
  30  3:44  Widow Mine  
  30  3:47  SCV  
  33  3:50  SCV  
  33  3:54  Marine  
  33  3:55  Marine  
  36  3:56  Marine  
  36  3:58  Marine  
  38  4:05  SCV  
  38  4:06  SCV  
  40  4:12  Widow Mine  
  42  4:17  SCV  
  42  4:18  SCV  
  42  4:21  Marauder  
  46  4:26  Supply Depot  
  46  4:28  Barracks Reactor  
  46  4:30  Starport Reactor  
  46  4:32  Terran Infantry Weapons Level 1  
  46  4:47  Marine x2, SCV  
  46  4:49  Supply Depot  
  46  4:52  SCV  
  50  4:53  Marine  
  50  4:57  Cyclone  
  54  5:05  Supply Depot  
  54  5:10  Marine  
  54  5:11  SCV x2, Supply Depot, Medivac x2  
  54  5:13  Marine  
  54  5:14  Marine x2  
  64  5:22  Marine  
  64  5:23  SCV  
  66  5:28  Marine  
  66  5:30  Supply Depot  
  66  5:31  Marine  
  66  5:32  Combat Shields  
  66  5:34  SCV  
  69  5:39  Widow Mine  
  71  5:45  Marine x2  
  71  5:46  Marine, Marauder  
  71  5:49  Marine  
  77  5:54  Viking  
  79  6:02  Supply Depot  
  79  6:03  Marine  
  80  6:04  Marine  
  80  6:05  Marine  
  80  6:06  Marine  
  83  6:13  SCV  
  83  6:14  Marine, SCV  
  86  6:21  Marine  
  86  6:22  Marine  
  66  6:54  Marine x4, Marauder  
  70  7:12  Marine x2  
  72  7:16  Marauder  
  72  7:22  Marine  
  74  7:23  Marine  
  74  7:24  Cyclone  
  79  7:30  Marine x2  
  83  7:37  Marauder  
  83  7:40  Marine x2  
  85  7:47  Marine  
  85  7:48  Marine  
  87  7:56  Cyclone  
  87  7:58  Marine, Marauder  
  90  8:07  Marine x3  
  93  8:13  Medivac x2  
  93  8:16  Marine  
  100  8:20  Marauder  
  100  8:31  Marine  
  101  8:34  Supply Depot  
  101  8:35  Supply Depot  
  101  8:37  Supply Depot  
  101  8:38  Marine, Cyclone  
  101  8:39  Marine, Supply Depot  
  108  8:41  Marauder, Refinery  
  101  9:03  Marine x2, Marauder  
  101  9:04  Marine x2  
  104  9:21  Marine x3  
  104  9:22  Marine  
  110  9:24  Marauder  
  110  9:36  Command Center  
Show
View Real Time Build Order
Export as new Build Order

Fropez Protoss 

Build Orders:  

Get SALT Encoding   

  13  0:07  Probe (Chrono Boost)  
  13  0:17  Probe (Chrono Boost)  
  13  0:20  Pylon  
  14  0:28  Probe (Chrono Boost)  
  15  0:40  Probe (Chrono Boost), Gateway  
  16  0:47  Assimilator  
  16  0:51  Probe (Chrono Boost)  
  17  1:01  Probe (Chrono Boost)  
  18  1:12  Probe (Chrono Boost)  
  19  1:22  Probe (Chrono Boost)  
  20  1:27  Cybernetics Core  
  20  1:33  Probe (Chrono Boost)  
  20  1:34  Assimilator  
  21  1:42  Pylon  
  21  1:43  Probe (Chrono Boost)  
  23  1:54  Probe (Chrono Boost)  
  23  2:05  Probe (Chrono Boost)  
  24  2:15  Probe (Chrono Boost)  
  25  2:20  Stargate  
  25  2:22  Stalker (Chrono Boost)  
  27  2:26  Probe  
  27  2:39  Gateway  
  27  2:40  Gateway  
  29  2:44  Mothership Core (Chrono Boost)  
  29  2:49  Warp Gate  
  29  2:50  Stalker (Chrono Boost)  
  30  2:52  Pylon  
  30  2:59  Pylon  
  30  3:03  Probe (Chrono Boost)  
  33  3:23  Stalker (Chrono Boost)  
  33  3:27  Nexus  
  33  3:29  Probe  
  34  3:41  Stalker (Chrono Boost)  
  36  3:48  Probe  
  39  3:57  Stalker (Chrono Boost)  
  39  3:59  Twilight Council  
  39  4:04  Pylon  
  41  4:25  Stalker (Chrono Boost)  
  41  4:26  Probe  
  42  4:34  Pylon  
  43  4:38  Probe  
  43  4:39  Pylon  
  43  4:54  Stalker x2  
  47  5:06  Probe x2  
  48  5:12  Assimilator  
  49  5:21  Pylon  
  49  5:25  Pylon  
  49  5:32  Pylon  
  49  5:33  Probe  
  49  5:34  Probe  
  51  5:43  Probe  
  51  5:47  Resonating Glaives (Chrono Boost)  
  52  5:52  Probe  
  52  5:54  Probe  
  52  5:56  Pylon  
  54  5:59  Pylon, Gateway  
  54  6:01  Forge  
  54  6:03  Forge  
  54  6:04  Probe  
  55  6:10  Pylon  
  55  6:13  Pylon  
  55  6:18  Pylon  
  55  6:22  Assimilator  
  43  6:43  Stalker x3  
  43  6:45  Protoss Ground Armor Level 1 (Chrono Boost)  
  47  6:49  Protoss Ground Weapons Level 1 (Chrono Boost)  
  43  7:14  Adept x2  
  43  7:15  Adept x2  
  49  7:22  Mothership Core  
  39  7:35  Adept x3  
  39  7:36  Adept  
  43  8:24  Stalker  
  45  8:29  Pylon, Assimilator  
  45  8:31  Nexus  
  45  8:33  Pylon, Assimilator  
  37  9:13  Probe  
  38  9:21  Adept  
  40  9:25  Probe  
  39  9:32  Dark Shrine  
Tags
 
Composition
MMM Bio
League
GoldGold
Matchup
PvT
Replay Pack
All Mines
Spawn Locations
Cross Positions
Add a new tag
Caveats
  • Supply blocks, unpowered buildings, or Contaminate may cause inaccurate times.
  • Supply counts are checked every 10 seconds.